 Dungeon Crawl Stone Soup version 0.23.2-11-gf996548c65 (webtiles) character file.

Game seed: 15776602482954866095

22081 myga the Carver (level 12, -1/171 HPs)
             Began as a Deep Dwarf Berserker on June 4, 2019.
             Was a High Priest of Trog.
             Succumbed to a spiny frog's poison
             ... on level 1 of the Lair of Beasts on June 6, 2019.
             The game lasted 01:05:10 (10761 turns).

myga the Carver (Deep Dwarf Berserker)             Turns: 10761, Time: 01:05:11

Health: -1/171     AC: 13    Str: 32    XL:     12   Next: 59%
Magic:  7/7        EV:  8    Int:  9    God:    Trog [*****.]
Gold:   653        SH:  0    Dex: 19    Spells: 11/11 levels left

rFire    . . .     SeeInvis .   l - +4 great sword (vamp)
rCold    . . .     Gourm    .   (shield currently unavailable)
rNeg     . . .     Faith    .   s - +0 plate armour
rPois    .         Spirit   .   (no helmet)
rElec    .         Reflect  .   (no cloak)
rCorr    .         Harm     .   w - +0 pair of gloves {Str+3}
MR       +....                  (no boots)
Stlth    ..........             (no amulet)
HPRegen  0.00/turn              v - +3 ring of strength
MPRegen  0.10/turn              f - +3 ring of dexterity

@: berserking (expiring), lethally poisoned (-1 -> -47), non-regenerating, very
heavily drained, very quick
A: damage resistance, heal wounds, sense surroundings 2, no regeneration
a: Heal Wounds, Berserk, Trog's Hand, Brothers in Arms, Renounce Religion


You were on level 1 of the Lair of Beasts.
You worshipped Trog.
Trog was extremely pleased with you.
You were not hungry.

You visited 3 branches of the dungeon, and saw 15 of its levels.
You also visited: Ossuary.

You collected 1192 gold pieces.
You spent 539 gold pieces at shops.

Inventory:

Hand Weapons
 l - a +4 vampiric great sword (weapon)
Missiles
 h - a poisoned javelin
 j - 345 stones
 o - 15 tomahawks
 q - 2 throwing nets
 D - a javelin of returning (quivered)
Armour
 s - a +0 plate armour (worn)
 w - a +0 pair of gloves of strength (worn)
 F - the +2 pair of gloves of the Hills {+Blink Int+5}
   (You found it on level 13 of the Dungeon)

   It affects your intelligence (+5).
   It lets you blink.
 G - a +0 troll leather armour
Jewellery
 d - an uncursed amulet of regeneration
 f - a +3 ring of dexterity (right hand)
 t - a +3 ring of protection
 v - a +3 ring of strength (left hand)
Wands
 m - a wand of iceblast (15)
 B - a wand of acid (9)
 H - a wand of enslavement (7)
 J - a wand of flame (16)
 K - a wand of random effects (21)
 N - a wand of disintegration (11)
 O - a wand of scattershot (3)
Scrolls
 g - 8 scrolls of remove curse
 i - 6 scrolls of teleportation
 n - 2 scrolls of magic mapping
 p - a scroll of enchant armour
 y - 3 scrolls of fear
 C - a scroll of summoning {unknown}
 E - a scroll of enchant weapon
 I - a scroll of blinking {unknown}
Potions
 b - 2 potions of brilliance
 e - 3 potions of flight
 k - 5 potions of curing
 r - 2 potions of lignification
 u - 2 potions of haste
 x - 2 potions of invisibility
 z - 3 potions of berserk rage
 A - a potion of ambrosia
 M - a potion of magic {unknown}
Comestibles
 c - 17 rations


   Skills:
 + Level 9.1(4.8) Fighting
 + Level 14.2(9.3) Long Blades
 + Level 7.3(3.1) Throwing
 + Level 9.6(5.2) Armour
 + Level 5.0(1.1) Dodging
 + Level 2.3(0.0) Stealth


You had 11 spell levels left.
You didn't know any spells.
Your spell library was empty.

Dungeon Overview and Level Annotations

Branches:
Dungeon (13/15)            Temple (1/1) D:4            Lair (1/6) D:11
    Orc (0/2) D:10
 Vaults: D:13-14

Altars:
Ashenzari
Cheibriados
Dithmenos
Elyvilon
Fedhas
Gozag
Hepliaklqana
Kikubaaqudgha
Makhleb
Nemelex Xobeh
Okawaru
Qazlal
Ru
Sif Muna
Trog
Uskayaw
Vehumet
Wu Jian
Xom
Yredelemnul
Zin
The Shining One

Shops:
D:4 :   D:5 =   D:6 (   D:13 [


Innate Abilities, Weirdness & Mutations

You are resistant to damage.
You can heal yourself by infusing magical energy.
You passively map the area around you.
You do not regenerate.


Message History

You feel very sick. The spiny frog barely misses you.
You slash the spiny frog!
You feel better.
You kill the spiny frog!
Trog accepts your kill.
* * * LOW HITPOINT WARNING * * *
You feel very sick. The spiny frog closely misses you.
Your plate armour prevents you from hitting the spiny frog.
* * * LOW HITPOINT WARNING * * *
You feel very sick. The spiny frog stings you!
* * * LOW HITPOINT WARNING * * *
You are more poisoned.
The spiny frog poisons you!
You are too berserk!
You open the spiny frog like a pillowcase!!!
You kill the spiny frog!
Trog accepts your kill.
You die...

......≈.≈≈..≈.♣............#
..÷......≈.≈..♣#...##......#
..........♣(..##....#......#
..........#..)##...###.....#
...........#.......##......#
......(....................#
...........(....#P####....##
...............########...#
.....P..(.....F†@.....#...#
..♣≈≈≈♣..#.##(S###..#.#...#*
≈ ≈≈≈P(...........# ....# *
, .≈≈;..............*....PF
,*
≈≈≈≈≈P...........#.#....PF(
,
≈≈≈≈....................P..
, ≈ ≈≈P≈............#. . , *
, ≈≈≈≈............# ,
≈≈.≈............. *,, *


You could see a water moccasin and a bullfrog.

Vanquished Creatures
  5 two-headed ogres
  2 tengu warriors
  Sonja (Lair:1)
  2 slime creatures (D:13)
  An unseen horror (D:10)
  A wolf spider zombie (D:13)
  A cyclops (D:13)
  A manticore (D:13)
  A centaur zombie (D:10)
  Joseph (D:10)
  A gargoyle (D:10)
  2 spiny frogs (Lair:1)
  2 efreet (D:13)
  3 trolls
  3 hippogriffs
  A shadow (D:12)
  A wraith (D:11)
  2 wyverns
  12 yaks
  A human (D:8)
  4 hogs (D:8)
  Grum (D:8)
  2 wargs (D:11)
  3 vampire mosquitoes (D:12)
  4 orc warriors
  6 ice beasts
  2 sky beasts
  A black bear (D:8)
  A necrophage (D:9)
  7 ogres
  2 phantoms
  4 wolves (D:8)
  6 centaurs
  A crocodile (D:13)
  12 bullfrogs
  A wyvern zombie (D:9)
  A water moccasin zombie (D:6)
  A wyvern skeleton (D:8)
  4 scorpions
  A water moccasin skeleton (D:7)
  12 killer bees
  13 wights
  5 howler monkeys
  An electric eel (Lair:1)
  3 bullfrog zombies
  A crimson imp (D:10)
  A human zombie (Ossuary)
  5 jellies
  A quasit (D:6)
  2 hounds
  8 orc priests
  13 orc wizards
  A gnoll shaman (D:5)
  A bullfrog skeleton (D:6)
  4 iguanas
  5 centaur skeletons
  Natasha (thrice) (D:4)
  7 worker ants
  A killer bee zombie (D:9)
  2 big kobold zombies (Ossuary)
  2 mummies (Ossuary)
  8 gnolls
  15 adders
  An ooze (D:3)
  3 adder skeletons
  2 worms (D:2)
  2 dart slugs
  7 leopard geckos
  46 orcs
  6 giant cockroaches
  2 gnoll zombies (Ossuary)
  3 goblins (D:1)
  6 hobgoblins
  5 jackals
  3 quokkas
  3 ball pythons
  6 bats
  6 frilled lizards
  3 goblin zombies (Ossuary)
  2 hobgoblin zombies (Ossuary)
  A jackal skeleton (D:6)
  6 kobolds
  A leopard gecko zombie (D:7)
  4 orc zombies (Ossuary)
  10 rats
350 creatures vanquished.

Vanquished Creatures (others)
  An orc wizard (D:11)
  A plant (Lair:1)
2 creatures vanquished.

Grand Total: 352 creatures vanquished

Notes
Turn   | Place    | Note
-------+----------+-------------------------------------------
     0 | D:1      | myga the Deep Dwarf Berserker began the quest for the Orb.
     0 | D:1      | Reached XP level 1. HP: 20/20 MP: 1/1
   274 | D:1      | Reached XP level 2. HP: 21/27 MP: 2/2
   609 | D:1      | Reached skill level 1 in Stealth
   824 | D:2      | Reached XP level 3. HP: 13/34 MP: 3/3
  1155 | D:2      | Reached ** piety under Trog
  1415 | D:2      | Reached XP level 4. HP: 15/42 MP: 3/3
  1549 | D:3      | Reached skill level 4 in Long Blades
  1767 | D:3      | Reached skill level 1 in Throwing
  1780 | D:3      | Reached XP level 5. HP: 39/49 MP: 4/4
  2484 | D:4      | HP: 1/73 [worker ant (4)]
  2531 | D:4      | Noticed Natasha
  2541 | D:4      | Killed Natasha
  2541 | D:4      | Reached skill level 5 in Long Blades
  2576 | D:4      | Reached XP level 6. HP: 31/56 MP: 5/5
  2640 | D:4      | Found an iron altar of Okawaru.
  2917 | D:4      | Reached XP level 7. HP: 12/63 MP: 5/5
  2966 | D:4      | Noticed Natasha
  2970 | D:4      | Killed Natasha
  2970 | D:4      | Reached skill level 6 in Long Blades
  3134 | D:4      | Found Poklud's Book Shop.
  3155 | D:4      | Noticed Natasha
  3168 | D:4      | Killed Natasha
  3286 | D:4      | Found a staircase to the Ecumenical Temple.
  3292 | Temple   | Entered the Ecumenical Temple
  3607 | D:5      | Entered Level 5 of the Dungeon
  3693 | D:5      | Found Cuvef's Jewellery Shop.
  3797 | D:5      | Reached *** piety under Trog
  3976 | D:5      | Reached skill level 7 in Long Blades
  4128 | D:5      | Reached XP level 8. HP: 61/72 MP: 6/6
  4200 | D:5      | Found a radiant altar of Vehumet.
  4486 | D:6      | Reached skill level 8 in Long Blades
  4631 | D:6      | Found a sand-covered staircase.
  4637 | Ossuary  | Entered an ossuary
  4890 | D:6      | Found Rihin's Weapon Shoppe.
  4897 | D:6      | Received a gift from Trog
  4962 | D:6      | Reached skill level 5 in Fighting
  5001 | D:6      | Gained mutation: You passively map the area around you.
                  | [Deep Dwarf growth]
  5001 | D:6      | Reached XP level 9. HP: 40/81 MP: 6/6
  5071 | D:6      | Reached skill level 9 in Long Blades
  5114 | D:6      | Reached **** piety under Trog
  5219 | D:6      | Bought a +4 vampiric great sword for 539 gold pieces
  5605 | D:7      | Found a shattered altar of Ashenzari.
  5613 | D:7      | Reached skill level 5 in Dodging
  5887 | D:7      | Reached skill level 5 in Armour
  6328 | D:8      | Noticed a tengu warrior
  6345 | D:8      | Killed a tengu warrior
  6345 | D:8      | Reached skill level 10 in Long Blades
  6345 | D:8      | Reached XP level 10. HP: 76/91 MP: 5/5
  6547 | D:8      | Found a shadowy altar of Dithmenos.
  6859 | D:8      | Noticed Grum
  6900 | D:8      | Reached skill level 11 in Long Blades
  6919 | D:8      | Killed Grum
  7071 | D:9      | Reached ***** piety under Trog
  7283 | D:9      | Found a hide-covered altar of Uskayaw.
  7283 | D:9      | Found a white marble altar of Elyvilon.
  7525 | D:10     | Entered Level 10 of the Dungeon
  7533 | D:10     | Noticed Joseph
  7546 | D:10     | Killed Joseph
  7546 | D:10     | Reached skill level 12 in Long Blades
  7546 | D:10     | Reached XP level 11. HP: 100/100 MP: 6/6
  7671 | D:10     | Killed an unseen horror
  7689 | D:10     | Reached skill level 5 in Throwing
  7714 | D:10     | Noticed a two-headed ogre
  7724 | D:10     | Killed a two-headed ogre
  7988 | D:10     | Found a staircase to the Orcish Mines.
  8005 | D:10     | Received a gift from Trog
  8780 | D:11     | Reached skill level 13 in Long Blades
  8784 | D:11     | Found a staircase to the Lair.
  8837 | D:11     | Found a blossoming altar of Fedhas.
  8838 | D:11     | Noticed a two-headed ogre
  8845 | D:11     | Killed a two-headed ogre
  9378 | D:12     | Received a gift from Trog
  9379 | D:12     | Noticed a two-headed ogre
  9388 | D:12     | Killed a two-headed ogre
  9448 | D:12     | Reached XP level 12. HP: 68/112 MP: 7/7
  9751 | D:13     | Noticed a two-headed ogre
  9755 | D:13     | Killed a two-headed ogre
  9844 | D:13     | Noticed a two-headed ogre
  9856 | D:13     | Killed a two-headed ogre
  9856 | D:13     | Reached skill level 14 in Long Blades
  9877 | D:13     | Noticed a tengu warrior
  9887 | D:13     | Killed a tengu warrior
 10057 | D:13     | Found Kimip's Antique Armour Shop.
 10321 | D:13     | Got a pair of scorched gloves
 10332 | D:13     | Identified the +2 pair of gloves of the Hills {+Blink
                  | Int+5} (You found it on level 13 of the Dungeon)
 10488 | Lair:1   | Entered Level 1 of the Lair of Beasts
 10564 | Lair:1   | Noticed Sonja
 10590 | Lair:1   | Killed Sonja
 10760 | Lair:1   | HP: 3/171 [spiny frog (7)]
 10761 | Lair:1   | Succumbed to a spiny frog's poison

Skill      XL: |  1  2  3  4  5  6  7  8  9 10 11 12 |
---------------+-------------------------------------+-----
Fighting       | 3 4 5 7 8 9 |  9.1
Stealth        | 1 2 |  2.3
Long Blades    | 4 5 7 8 10 12 13 14 | 14.2
Throwing       | 1 2 3 4 5 7 |  7.3
Dodging        | 3 4 5 |  5.0
Armour         | 3 4 6 7 9 |  9.6

Action                   |  1- 3 |  4- 6 |  7- 9 | 10-12 || total
-------------------------+-------+-------+-------+-------++-------
Melee: Falchion          |    89 |   183 |   294 |       ||   566
       Great sword       |       |       |    74 |   402 ||   476
       Unarmed           |       |       |       |     6 ||     6
Throw: Stone             |    28 |    29 |    39 |    42 ||   138
       Javelin           |     2 |       |    11 |    88 ||   101
       Tomahawk          |       |     2 |    51 |    38 ||    91
Invok: Trog's Hand       |       |     5 |     3 |     4 ||    12
       Berserk           |       |     4 |     2 |     4 ||    10
 Abil: Heal Wounds       |     1 |     1 |     7 |     3 ||    12
  Use: Scroll            |     1 |     5 |    10 |     2 ||    18
       Potion            |     1 |     3 |     3 |     3 ||    10
 Stab: Sleeping          |     2 |       |       |       ||     2
  Eat: Chunk             |     2 |     8 |    14 |    15 ||    39
       Ration            |       |       |     2 |     3 ||     5
Armor: Animal skin       |    10 |       |       |       ||    10
       Robe              |     1 |    31 |       |       ||    32
       Chain mail        |       |       |   176 |       ||   176
       Plate armour      |       |       |    30 |   296 ||   326
Dodge: Dodged            |    60 |   115 |   187 |   292 ||   654
       Rpst.: Falchion   |    27 |    38 |    44 |       ||   109
       Great sword       |       |       |    16 |    86 ||   102
